 Dungeon Crawl Stone Soup version 0.31-a0-182-gc5ef74bbde (webtiles) character file.

Game seed: 2594543584745406900

258 qw the Chopper (level 6, 0/39 HPs)
             Began as a Gargoyle Fighter on June 21, 2023.
             Slain by an orc
             ... wielding a +0 hand axe
              (3 damage)
             ... on level 3 of the Dungeon.
             The game lasted 00:01:42 (2413 turns).

qw the Chopper (Gargoyle Fighter)                   Turns: 2413, Time: 00:01:43

Health: 0/39       AC: 11    Str: 21    XL:     6   Next: 16%
Magic:  6/6        EV: 14    Int:  9    God:
Gold:   92         SH:  0    Dex:  9    Spells: 5/5 levels left

rFire   . . .        Y - +0 war axe
rCold   . . .        c - +0 buckler
rNeg    + . .        b - +0 scale mail
rPois   inf          (no helmet)
rElec   +            (no cloak)
rCorr   .            (no gloves)
SInv    .            (no boots)
Will    .....        (no amulet) Stlth
                     i - +5 ring of evasion
HPRegen 0.26/turn    (no ring)
MPRegen 0.10/turn

%: no passive effects
@: confused
A: sickness immunity, AC +4, negative energy resistance 1, electricity
resistance, torment resistance 1, petrification resistance
a: no special abilities


You were on level 3 of the Dungeon.
You visited 1 branch of the dungeon, and saw 3 of its levels.

You collected 92 gold pieces.


Innate Abilities, Weirdness & Mutations

You are immune to sickness and miasma.
Your stone body is resilient. (AC +4)
You are immune to poison.
You resist negative energy. (rN+)
You are resistant to electric shocks. (rElec)
You are resistant to unholy torment.
You are immune to petrification.


   Skills:
 - Level 4.5 Fighting
 - Level 5.0 Axes
 - Level 3.2 Armour
 + Level 0.5 Dodging
 - Level 3.2 Shields


You had 5 spell levels left.
You didn't know any spells.
Your spell library was empty.

Inventory:

Hand Weapons
 j - a +0 flail
 Y - a +0 war axe (weapon)
Armour
 b - a +0 scale mail (worn)
 c - a +0 buckler (worn)
Jewellery
 i - a +5 ring of evasion (left hand)
Scrolls
 e - a scroll of teleportation {unknown}
Potions
 a - a potion of resistance {unknown}
 d - a potion of might
 f - a potion of heal wounds {unknown}
 g - a potion of enlightenment {unknown}
 h - a potion of haste {unknown}

Dungeon Overview and Level Annotations

Branches:
Dungeon (3/15)

Altars:


Message History

You feel less confused. Something hits you but does no damage.
The orc closely misses you.
You slash the orc!
You kill the orc!
You slash the frilled lizard!
You kill the frilled lizard!
You closely miss something.
You hear some strange, mumbled words.
Something tries to affect you, but you resist.
You hit the orc priest but do no damage.
You miss something. The orc priest completely misses you.
You hear some strange, mumbled words.
A puff of flame appears from out of thin air!
The puff of flame hits you.
You hit the orc priest.
The orc priest is lightly wounded.
You miss something.
The orc priest hits you but does no damage.
Something hits you but does no damage.
You barely miss the orc priest.
The orc priest is lightly wounded.
You slash something!
The orc priest hits you but does no damage.
You hear some strange, mumbled words.
A puff of flame appears from out of thin air!
The puff of flame misses you. Something hits you but does no damage.
The orc priest calls down the wrath of Beogh upon you.
Beogh smites you!
You hit the orc priest but do no damage.
The orc priest is lightly wounded.
You completely miss something.
The orc priest calls down the wrath of Beogh upon you.
Beogh smites you!
You hear some strange, mumbled words.
You are confused.
Something hits you.
The orc priest invokes the aid of Beogh against you.
Beogh smites you! The orc hits you with a +0 hand axe.
You die...

#~~~.~~~#.
#~~~.~~~#.
#~~~\~~~#.
#~~~.~~~#. ###
#~~~.~~~## oo
#####~~.~~### #.
#...###'### #.###
.##......# #.o@##
.##....##
##{o.##..#....######
#....##.#.<.......#
##....#.##...####..
##...#..#...# ###
###...)#...##
...####.#....#####
#......#.##.>.).#
####.....######..


You could see an orc priest and an orc.

Vanquished Creatures
  A scorpion (D:3)
  An orc wizard (D:2)
  3 gnolls (D:2)
  5 adders
  3 worms
  3 dart slugs
  4 orcs
  7 ball pythons
  7 endoplasms
  2 giant cockroaches
  6 goblins
  7 hobgoblins
  3 jackals (D:1)
  2 quokkas
  5 bats
  11 frilled lizards
  5 kobolds
  5 rats
  A spectral goblin (D:2)
81 creatures vanquished.

Notes
Turn   | Place    | Note
-------+----------+-------------------------------------------
     0 | D:1      | qw the Gargoyle Fighter began the quest for the Orb.
     0 | D:1      | Reached XP level 1. HP: 14/14 MP: 1/1
     0 | D:1      | 0 ||| qw: Version: 0.3-a-9-g12657ce
     0 | D:1      | 0 ||| qw: Game counter: 1544
     0 | D:1      | 0 ||| qw: Always use a shield: true
     0 | D:1      | 0 ||| qw: God list: Okawaru
     0 | D:1      | 0 ||| qw: Allow faded altars: false
     0 | D:1      | 0 ||| qw: Do Orc after D:15 true
     0 | D:1      | 0 ||| qw: Do second Lair branch before Depths: true
     0 | D:1      | 0 ||| qw: Lair rune preference: random
     0 | D:1      | 0 ||| qw: Plans: Normal, Zot:1-4, Slime:5, God:TSO, Crypt,
                  | Tomb, Abyss, Pan, Hells, Win
     0 | D:1      | 0 ||| PLANNING D:1-11
    43 | D:1      | Reached skill level 2 in Axes
    51 | D:1      | 51 ||| Stepping ~*~*~tactically~*~*~ (hiding).
    52 | D:1      | 52 ||| Stepping ~*~*~tactically~*~*~ (hiding).
    53 | D:1      | 53 ||| Stepping ~*~*~tactically~*~*~ (hiding).
   206 | D:1      | Reached XP level 2. HP: 15/19 MP: 2/2
   418 | D:1      | 418 ||| Stepping ~*~*~tactically~*~*~ (stealth).
   419 | D:1      | 419 ||| Stepping ~*~*~tactically~*~*~ (stealth).
   441 | D:1      | 441 ||| Stepping ~*~*~tactically~*~*~ (stealth).
   443 | D:1      | 443 ||| Stepping ~*~*~tactically~*~*~ (stealth).
   446 | D:1      | 446 ||| Stepping ~*~*~tactically~*~*~ (stealth).
   448 | D:1      | 448 ||| Stepping ~*~*~tactically~*~*~ (stealth).
   455 | D:1      | Reached skill level 3 in Axes
   588 | D:1      | Reached XP level 3. HP: 23/23 MP: 3/3
  1099 | D:1      | 1099 ||| DROPPING +6 ring of intelligence.
  1100 | D:1      | 1100 ||| UPGRADING to +5 ring of evasion.
  1101 | D:1      | 1101 ||| READING scroll labelled VEOCKEDOLE.
  1102 | D:1      | 1102 ||| READING scroll labelled GUMPUBARIE.
  1117 | D:1      | 1117 ||| READING scroll labelled UMAYTO LEPSAL.
  1246 | D:2      | 1246 ||| Stepping ~*~*~tactically~*~*~ (stealth).
  1247 | D:2      | 1247 ||| Stepping ~*~*~tactically~*~*~ (stealth).
  1297 | D:2      | 1297 ||| Stepping ~*~*~tactically~*~*~ (stealth).
  1299 | D:2      | 1299 ||| Stepping ~*~*~tactically~*~*~ (hiding).
  1308 | D:2      | Reached XP level 4. HP: 27/28 MP: 4/4
  1330 | D:2      | HP: 7/28 [something/puff of flame (11)]
  1334 | D:2      | Reached skill level 4 in Axes
  1487 | D:2      | Found a faded altar of an unknown god.
  1629 | D:2      | 1629 ||| Stepping ~*~*~tactically~*~*~ (stealth).
  1661 | D:2      | HP: 6/28 [gnoll/+0 spear (3)]
  1662 | D:2      | Reached XP level 5. HP: 7/32 MP: 5/5
  1793 | D:2      | 1793 ||| DROPPING +0 club.
  2075 | D:2      | 2075 ||| READING 2 scrolls labelled UNGADO MIHUAR.
  2076 | D:2      | 2076 ||| READING scroll labelled YLYEBEN FUOSS.
  2077 | D:2      | 2077 ||| READING scroll labelled WAMPAE ACU BUC.
  2078 | D:2      | 2078 ||| READING scroll labelled WOCRAR VYGEIL.
  2079 | D:2      | 2079 ||| DROPPING scroll of immolation.
  2145 | D:3      | Reached skill level 5 in Axes
  2247 | D:3      | Reached XP level 6. HP: 28/39 MP: 6/6
  2396 | D:3      | 2396 ||| Stepping ~*~*~tactically~*~*~ (stealth).
  2413 | D:3      | HP: 3/39 [orc priest/divine providence (9)]
  2413 | D:3      | Slain by an orc

Levels and vault maps discovered:
D:1:      spicycebolla_arrival_xxxplode, layout_loops_corners, serial_glass,
          glass_columns_b, glass_columns_c, minmay_strange_pillars
D:2:      minmay_wonky_spiral, layout_basic,
          dreamdust_ecumenical_altar_drowned_temple, kennysheep_cluttered_room,
          minmay_lizard_king
D:3:      minmay_evil_eye, layout_rooms, mainiacjoe_overflow_tiny_flanked,
          mainiacjoe_overflow_alcove_2, kennysheep_flooded_box

Skill      XL: |  1  2  3  4  5 |
---------------+----------------+-----
Axes           | 2 3 4 5 |  5.0
Fighting       | 4 |  4.5
Armour         | |  3.2
Dodging        | |  0.5
Shields        | |  3.2

Action                     |  1- 3 |  4- 6 || total
---------------------------+-------+-------++-------
  Melee: War axe           |   125 |   154 ||   279
    Use: Scroll            |     3 |     4 ||     7
 Armour: Scale mail        |    55 |    51 ||   106
  Dodge: Dodged            |    67 |   112 ||   179
  Block: Buckler           |    35 |    31 ||    66

Table legend:
 A = Non-vault XP
 B = Vault XP
 C = Vault XP percentage of total XP
 D = Non-vault monster count
 E = Vault monster count
 F = Vault count percentage of total count
                 A         B        C        D         E       F
            +---------+---------+-------+---------+---------+-------
      Total |     339 |      30 |   8.1 |      68 |      13 |  16.0
            +---------+---------+-------+---------+---------+-------
        D:1 |      56 |       0 |   0.0 |      34 |       0 |   0.0
        D:2 |     139 |      28 |  16.8 |      20 |      11 |  35.5
        D:3 |     144 |       2 |   1.4 |      14 |       2 |  12.5
            +---------+---------+-------+---------+---------+-------
